 Dungeon Crawl Stone Soup version 0.21.1-1-g345015fe64 (webtiles) character file.

2361 Toric3141 the Basher (level 9, -7/75 HPs)
             Began as a Minotaur Fighter on Feb 19, 2018.
             Was a Follower of the Shining One.
             Mangled by an ogre
             ... wielding a +0 giant spiked club
              (22 damage)
             ... on level 6 of the Dungeon.
             The game lasted 02:50:16 (6334 turns).

Toric3141 the Basher (Minotaur Fighter)             Turns: 6334, Time: 02:50:17

Health: -7/75      AC: 13    Str: 23    XL:     9   Next: 21%
Magic:  8/8        EV:  7    Int:  5    God:    the Shining One [*.....]
Gold:   225        SH: 10    Dex: 11    Spells: 7/8 levels left

rFire    . . .     SeeInvis .   o - +3 flail
rCold    . . .     Gourm    .   c - +0 shield
rNeg     . . .     Faith    .   y - +0 plate armour
rPois    .         Spirit   .   (helmet restricted)
rElec    .         Reflect  .   (no cloak)
rCorr    +         Harm     .   (no gloves)
MR       +....                  k - +0 pair of boots
Stlth    ..........             (no amulet)
HPRegen  0.22/turn              N - ring of resist corrosion
MPRegen  0.11/turn              m - ring of protection from magic

@: glowing
A: retaliatory headbutt, horns 2
a: Renounce Religion


You were on level 6 of the Dungeon.
You worshipped the Shining One.
The Shining One was aware of your devotion.
You were hungry.

You visited 2 branches of the dungeon, and saw 8 of its levels.

You collected 225 gold pieces.

Inventory:

Hand Weapons
 a - a +0 flail
 e - a +0 shortbow
 o - a +3 flail (weapon)
 q - a +0 dagger
 r - a +0 hunting sling
 A - a +0 mace
 E - a cursed +0 flail
 G - a +0 short sword
 P - a +2 flail of holy wrath
Missiles
 j - 19 poisoned needles
 s - 96 stones (quivered)
 t - 119 sling bullets
 u - 63 bolts
 D - 99 arrows
Armour
 b - a +0 scale mail
 c - a +0 shield (worn)
 k - a +0 pair of boots (worn)
 y - a +0 plate armour (worn)
 B - a +0 robe
 C - a +0 robe
 F - a +0 robe
 H - a +0 chain mail
 S - a +0 plate armour
Jewellery
 m - a ring of protection from magic (right hand)
 N - a ring of resist corrosion (left hand)
Wands
 h - a wand of enslavement (18)
 J - a wand of polymorph (15)
 O - a wand of scattershot (5)
Scrolls
 i - a scroll of identify
 l - a scroll of teleportation
 n - a scroll of enchant armour
 v - a scroll of blinking
 z - a scroll of amnesia
 I - a scroll of enchant weapon {unknown}
 Q - 2 scrolls of remove curse {unknown}
 R - a scroll of immolation
Potions
 d - a potion of might
 g - 3 potions of brilliance {unknown}
 p - 2 potions of curing
 x - a potion of flight {unknown}
 K - a potion of heal wounds {unknown}
 L - a potion of lignification
 M - a potion of haste {unknown}
Books
 w - a book of Minor Magic

   Spells                             Type                      Level
   a - Magic Dart                     Conjuration                  1
   b - Blink                          Translocation                2
   c - Call Imp                       Summoning                    2
   d - Slow                           Hexes                        2
   e - Conjure Flame                  Conjuration/Fire             3
   f - Mephitic Cloud                 Conjuration/Poison/Air       3
Comestibles
 f - 13 rations


   Skills:
 + Level 5.7 Fighting
 - Level 10.0 Maces & Flails
 - Level 2.4 Slings
 - Level 4.0 Armour
 * Level 7.3 Dodging
 - Level 6.0 Shields
 - Level 0.1 Evocations


You had 7 spell levels left.
You knew the following spells:

 Your Spells              Type           Power        Failure   Level  Hunger
a - Magic Dart            Conj           #...         100%        1    ##.....


Dungeon Overview and Level Annotations

Branches:
Dungeon (7/15)             Temple (1/1) D:6

Altars:
Ashenzari
Cheibriados
Dithmenos
Elyvilon
Fedhas
Gozag
Hepliaklqana
Kikubaaqudgha
Nemelex Xobeh
Okawaru
Qazlal
Ru
Sif Muna
Trog
Uskayaw
Wu Jian
Yredelemnul
Zin
The Shining One


Innate Abilities, Weirdness & Mutations

You reflexively headbutt those who attack you in melee.
You have a pair of horns on your head.


Message History

The ogre shouts!
You hit the ogre.
The ogre is moderately wounded.
The ogre hits you with a giant spiked club.
The ogre hits you with a giant spiked club!!
The ogre hits you with a giant spiked club!
The ogre hits you but does no damage.
The ogre hits you with a giant spiked club!
You block the ogre's attack.
The ogre hits you with a giant spiked club!!
* * * LOW HITPOINT WARNING * * *
You block the ogre's attack.
You are feeling hungry.
There is a stone staircase leading up here.
The ogre hits you but does no damage.
You climb upwards.
There is a stone staircase leading down here.
You can't go up here!
The ogre hits you with a giant spiked club!!
You die...

......##.# #........#
########.. ......##.#
#........# #.#
#..#####.# #........#
#.# ##.### #.#
#........# #.# #....#
#.# #........# #.#
#..#.###.# #####.####
#.# #........# #.# #.#
.....############O# #.#
..............[.@.# #.#
#.################# #.#
#.# ###########.# #.#
#...........# #.#
#.########### #.# #.#
#.# #.#
#.###################.#
......................#


You could see an ogre.

Vanquished Creatures
  Grinder (D:6)
  A hippogriff (D:7)
  Menkaure (D:7)
  Duvessa (D:5)
  A sky beast (D:6)
  2 ogres
  2 centaurs
  2 bullfrogs
  Dowan (D:5)
  A wyvern skeleton (D:7)
  3 scorpions
  3 howler monkeys
  3 crimson imps
  5 hounds
  2 jellies
  2 orc priests (D:3)
  4 orc wizards
  Terence (D:2)
  2 bullfrog skeletons
  A worker ant (D:4)
  7 adders
  4 gnolls (D:5)
  A howler monkey skeleton (D:3)
  A shadow imp (D:7)
  4 adder skeletons
  4 worms
  3 dart slugs
  2 leopard geckos
  16 orcs
  4 ball pythons
  3 giant cockroaches
  10 goblins
  7 hobgoblins
  6 jackals
  3 quokkas
  12 bats
  12 frilled lizards
  A giant cockroach zombie (D:5)
  A jackal skeleton (D:5)
  11 kobolds
  2 leopard gecko skeletons
  A leopard gecko zombie (D:6)
  A quokka zombie (D:6)
  5 rats
160 creatures vanquished.

Notes
Turn   | Place    | Note
-------+----------+-------------------------------------------
     0 | D:1      | Toric3141 the Minotaur Fighter began the quest for the Orb.
     0 | D:1      | Reached XP level 1. HP: 19/19 MP: 0/0
   108 | D:1      | Reached XP level 2. HP: 27/27 MP: 1/1
   171 | D:1      | Reached skill level 1 in Dodging
   590 | D:1      | Reached XP level 3. HP: 33/33 MP: 2/2
  1027 | D:2      | Reached skill level 3 in Maces & Flails
  1380 | D:2      | Reached XP level 4. HP: 31/40 MP: 3/3
  1584 | D:2      | Noticed Terence
  1605 | D:2      | Killed Terence
  1974 | D:3      | Reached skill level 1 in Slings
  2005 | D:3      | Reached XP level 5. HP: 42/46 MP: 4/4
  2092 | D:3      | Found a blossoming altar of Fedhas.
  2370 | D:3      | Reached skill level 4 in Maces & Flails
  2370 | D:3      | Reached XP level 6. HP: 18/53 MP: 5/5
  2688 | D:3      | Found a white marble altar of Elyvilon.
  2719 | D:3      | Found a glowing golden altar of the Shining One.
  2721 | D:3      | Found a shattered altar of Ashenzari.
  2741 | D:3      | Found an iron altar of Okawaru.
  2770 | D:3      | Became a worshipper of the Shining One
  3044 | D:4      | Reached skill level 5 in Shields
  3252 | D:4      | Learned a level 1 spell: Magic Dart
  3369 | D:4      | Reached skill level 5 in Dodging
  3369 | D:4      | Reached XP level 7. HP: 59/60 MP: 6/6
  4024 | D:5      | Entered Level 5 of the Dungeon
  4077 | D:5      | Reached skill level 5 in Fighting
  4077 | D:5      | Reached skill level 5 in Maces & Flails
  4130 | D:5      | Noticed Dowan
  4132 | D:5      | Noticed Duvessa
  4143 | D:5      | Killed Duvessa
  4143 | D:5      | Reached skill level 6 in Maces & Flails
  4143 | D:5      | Reached XP level 8. HP: 64/68 MP: 7/7
  4149 | D:5      | Killed Dowan
  4162 | D:5      | Reached * piety under the Shining One
  4320 | D:5      | Reached skill level 7 in Maces & Flails
  4897 | D:6      | Reached skill level 8 in Maces & Flails
  4918 | D:6      | Found a bloodstained altar of Trog.
  4944 | D:6      | Found a staircase to the Ecumenical Temple.
  4979 | Temple   | Entered the Ecumenical Temple
  5277 | D:6      | Found an ancient bone altar of Kikubaaqudgha.
  5380 | D:6      | Reached skill level 9 in Maces & Flails
  5940 | D:6      | Noticed Grinder
  5956 | D:6      | Killed Grinder
  5956 | D:6      | Reached skill level 10 in Maces & Flails
  6024 | D:7      | Reached XP level 9. HP: 63/75 MP: 8/8
  6092 | D:7      | Noticed Menkaure
  6104 | D:7      | Killed Menkaure
  6188 | D:7      | Found an ornate altar of the Wu Jian Council.
  6274 | D:7      | HP: 2/75 [ogre/giant spiked club (27)]
  6334 | D:6      | Mangled by an ogre

Skill      XL: |  1  2  3  4  5  6  7  8  9 |
---------------+----------------------------+-----
Dodging        | 1 2 3 4 5 6 7 |  7.3
Fighting       | 4 5 |  5.7
Armour         | 4 |  4.0
Maces & Flails | 3 4 6 10 | 10.0
Slings         | 1 2 |  2.4
Shields        | 5 6 |  6.0
Evocations     | |  0.1

Action                   |  1- 3 |  4- 6 |  7- 9 || total
-------------------------+-------+-------+-------++-------
Melee: Flail             |   110 |   144 |   172 ||   426
       Headbutt          |    12 |    27 |    32 ||    71
Throw: Stone             |       |     5 |     6 ||    11
Evoke: Wand              |       |       |     1 ||     1
  Use: Scroll            |     1 |     7 |     3 ||    11
       Potion            |       |     2 |       ||     2
  Eat: Ration            |     1 |     2 |     2 ||     5
Armor: Scale mail        |    53 |    46 |       ||    99
       Plate armour      |       |     2 |    73 ||    75
Dodge: Dodged            |    32 |    64 |    37 ||   133
Block: Shield            |    61 |    11 |    93 ||   165
